 Dungeon Crawl Stone Soup version 0.22-a0-305-gd21a89c (webtiles) character file.

34 Borgoz the Skirmisher (level 3, -3/31 HPs)
             Began as a Ghoul Abyssal Knight on Mar 31, 2018.
             Was a Follower of Lugonu.
             Slain by a hobgoblin (5 damage)
             ... on level 2 of the Dungeon.
             The game lasted 00:01:29 (961 turns).

Borgoz the Skirmisher (Ghoul Abyssal Knight)         Turns: 961, Time: 00:01:30

Health: -3/31      AC:  3    Str: 15    XL:     3   Next: 31%
Magic:  3/3        EV: 11    Int:  7    God:    Lugonu [*.....]
Gold:   47         SH:  0    Dex:  9    Spells: 2/2 levels left

rFire    . . .     SeeInvis .     - Unarmed
rCold    + . .     Gourm    .   (no shield)
rNeg     + + +     Faith    .   a - +0 leather armour
rPois    ∞         Spirit   .   (no helmet)
rElec    .         Reflect  .   (no cloak)
rCorr    .         Harm     .   (no gloves)
MR       .....                  (no boots)
Stlth    +.........             (no amulet)
HPRegen  0.00/turn              (no ring)
MPRegen  0.08/turn              (no ring)

@: rotting
A: rotting body, claws 1, carnivore, cold resistance 1, negative energy
resistance 3, inhibited regeneration, torment resistance, unbreathing
a: Depart the Abyss, Renounce Religion


You were on level 2 of the Dungeon.
You worshipped Lugonu.
Lugonu was aware of your devotion.
You were not hungry.

You visited 1 branch of the dungeon, and saw 2 of its levels.
You visited the Abyss 1 time.

You collected 47 gold pieces.

Inventory:

Armour
 a - a +0 leather armour (worn)
Jewellery
 j - a +3 ring of protection {unknown}
Scrolls
 d - a scroll of magic mapping {unknown}
 e - 3 scrolls of identify {unknown}
 f - 3 scrolls of enchant armour {unknown}
 i - 3 scrolls of remove curse {unknown}
 l - a scroll of blinking {unknown}
 m - a scroll of immolation {unknown}
Potions
 c - 2 potions of lignification {unknown}
 g - a potion of resistance {unknown}
 h - a potion of curing {unknown}
 k - a potion of heal wounds {unknown}
Comestibles
 b - 3 rations


   Skills:
 + Level 3.6 Fighting
 + Level 2.1 Armour
 + Level 1.3 Dodging
 + Level 2.6 Unarmed Combat
 + Level 2.4 Invocations


You had 2 spell levels left.
You didn't know any spells.

Dungeon Overview and Level Annotations

Branches:
Dungeon (2/15)

Altars:


Innate Abilities, Weirdness & Mutations

Your body is rotting away.
You thrive on raw meat.
You are immune to poison.
You have sharp fingernails.
You are carnivorous and can eat meat at any time.
Your flesh is cold resistant. (rC+)
You are immune to negative energy. (rN+++)
You do not regenerate when monsters are visible.
You are immune to unholy pain and torment.
You can survive without breathing.


Message History

You closely miss the gnoll.
The gnoll is almost dead.
The gnoll hits you.
* * * LOW HITPOINT WARNING * * *
You barely miss the gnoll.
The gnoll is almost dead.
The gnoll barely misses you.
You barely miss the gnoll.
The gnoll is almost dead.
The gnoll hits you!
* * * LOW HITPOINT WARNING * * *
You scratch the gnoll.
You kill the gnoll!
Lugonu accepts your kill.
Okay, then.
You scratch the hobgoblin.
The hobgoblin is heavily wounded.
There is a stone staircase leading up here.
The hobgoblin hits you.
You die...

#. #.# #.# #.## #.# ####.###
..# #.# #....... #.# #.#
#.#.#### ##.####.#
###############.#.#
.....##.####....>.)........#(#
.###.##...(..###.###########.#
.###....####.# #.............#
..##.#######.###@#############
[.........g...gg##
#..############## .#.# ##.#
#.# ##.# ...# ####


You could see a gnoll and 2 hobgoblins.

Vanquished Creatures
  A gnoll (D:2)
  A leopard gecko (D:2)
  A giant cockroach (D:1)
  4 goblins
  3 hobgoblins (D:1)
  3 jackals (D:1)
  2 bats (D:1)
  2 frilled lizards (D:1)
  2 kobolds
  3 rats
22 creatures vanquished.

Notes
Turn   | Place    | Note
-------+----------+-------------------------------------------
     0 | Abyss:1  | Borgoz the Ghoul Abyssal Knight began the quest for the Orb.
     0 | Abyss:1  | Reached XP level 1. HP: 19/19 MP: 1/1
   127 | Abyss:1  | Noticed a red very ugly thing
   127 | Abyss:1  | Noticed a blink frog
   128 | D:1      | Escaped the Abyss
   221 | D:1      | Reached skill level 1 in Dodging
   323 | D:1      | Reached * piety under Lugonu
   323 | D:1      | Reached XP level 2. HP: 21/26 MP: 2/2
   905 | D:2      | Reached XP level 3. HP: 31/31 MP: 3/3
   961 | D:2      | Slain by a hobgoblin

Vault maps used:
D:1:      noname_arrival_rooms_in_the_neighbourhood
D:2:      makhleb_altar_promises_db, chequers_ecumenical_altar_island

Skill      XL: |  1  2 |
---------------+-------+-----
Dodging        | 1 |  1.3
Armour         | 2 |  2.1
Fighting       | |  3.6
Unarmed Combat | |  2.6
Invocations    | |  2.4

Action                   || total
-------------------------++-------
Melee: Unarmed           ||    77
Invok: Depart the Abyss  ||     1
  Eat: Chunk             ||     3
Armor: Leather armour    ||    16
Dodge: Dodged            ||    48

Table legend:
 A = Spawn XP
 B = Non-spawn XP
 C = Spawn XP percentage of total XP
 D = Spawn monster count
 E = Non-spawn monster count
 F = Spawn count percentage of total count
 G = Total turns spent on level
                    A         B        C        D         E        F      G
               +---------+---------+-------+---------+---------+-------+---------
         Total |       0 |      49 |   0.0 |       0 |      22 |   0.0 |   961
               +---------+---------+-------+---------+---------+-------+---------
           D:1 |       0 |      28 |   0.0 |       0 |      17 |   0.0 |   666
           D:2 |       0 |      21 |   0.0 |       0 |       5 |   0.0 |   167
               +---------+---------+-------+---------+---------+-------+---------
